 Dungeon Crawl Stone Soup version 0.29.1-2-gbd0b4ee654 (webtiles) character file.

Game seed: 16508640645391362901

21925 GorkyZ the Spear-Bearer (level 12, -7/76 HPs)
             Began as a Gargoyle Fighter on Nov 30, 2022.
             Was an Initiate of Gozag.
             Mangled by a skeletal warrior
             ... wielding a +0 trident
              (15 damage)
             ... on level 13 of the Dungeon.
             The game lasted 00:56:18 (15963 turns).

GorkyZ the Spear-Bearer (Gargoyle Fighter)         Turns: 15963, Time: 00:56:18

Health: -7/76      AC: 39    Str: 25    XL:     12   Next: 95%
Magic:  12/12      EV:  8    Int:  9    God:    Gozag
Gold:   1063       SH:  0    Dex:  9    Spells: 11/11 levels left

rFire   . . .      SeeInvis .   J - +5 glaive (venom)
rCold   + . .      Faith    .   (shield currently unavailable)
rNeg    + + .      Spirit   .   P - +2 plate armour {rPois}
rPois   ∞          Reflect  .   D - +2 helmet
rElec   +          Harm     .   F - +0 cloak
rCorr   .          Rampage  .   o - +1 pair of gloves
Will    .....      Rnd*Tele +   N - +2 pair of boots
Stlth   ..........              S - amulet of regeneration
HPRegen 1.02/turn               e - +4 ring of protection
MPRegen 0.13/turn               n - ring of positive energy

@: gold aura, studying Evocations, unable to read
A: sickness immunity, AC +8, negative energy resistance 1, electricity
resistance, torment resistance 1, petrification resistance, hooves 1, cold
resistance 1, teleportitis 1, inability to read after injury 1
a: Renounce Religion, Potion Petition, Call Merchant, Bribe Branch


You were on level 13 of the Dungeon.
You worshipped Gozag.
Gozag was most pleased with you.
You visited 2 branches of the dungeon, and saw 14 of its levels.

You collected 2621 gold pieces.
You spent 145 gold pieces at shops.
You paid 1413 gold pieces to Gozag.

Inventory:

Hand Weapons
 p - a +2 spear of venom
 u - a +3 halberd of venom
 J - a +5 glaive of venom (weapon)
Missiles
 i - 6 javelins
 j - 35 poisoned darts (quivered)
 q - 10 boomerangs
 x - 4 throwing nets
 O - 7 curare-tipped darts
Armour
 c - a +0 buckler
 g - a +0 helmet
 o - a +1 pair of gloves (worn)
 s - a +0 ring mail of fire resistance
 D - a +2 helmet (worn)
 F - a +0 cloak (worn)
 N - a +2 pair of boots (worn)
 P - a +2 plate armour of poison resistance (worn)
Jewellery
 e - a +4 ring of protection (left hand)
 h - a +6 ring of intelligence
 m - an amulet of guardian spirit
 n - a ring of positive energy (right hand)
 t - a ring of positive energy
 C - a +6 ring of dexterity
 S - an amulet of regeneration (around neck)
 T - a ring of see invisible
Wands
 f - a wand of polymorph (11)
 l - a wand of paralysis (1)
 R - a wand of iceblast (12)
 V - a wand of flame (20)
Scrolls
 v - a scroll of poison
 E - a scroll of summoning
 K - 4 scrolls of teleportation
 L - a scroll of magic mapping
 W - 3 scrolls of identify
 Y - a scroll of amnesia
Potions
 b - a potion of resistance
 d - 2 potions of might
 r - 2 potions of brilliance
 w - 3 potions of attraction
 A - 6 potions of flight
 B - a potion of magic
 G - 2 potions of lignification
 I - a potion of cancellation
 X - 2 potions of curing


   Skills:
 + Level 9.5 Fighting
 + Level 3.0(7.1) Axes
 - Level 2.8(3.6) Maces & Flails
 * Level 9.8(10.0) Polearms
 + Level 7.1 Throwing
 + Level 9.4 Armour
 + Level 4.2 Dodging
 + Level 9.2 Shields
 + Level 8.9 Evocations


You had 11 spell levels left.
You didn't know any spells.
Your spell library contained the following spells:

 Spells                   Type           Power      Damage    Failure   Level
 Freeze                   Ice            0%         1d3       99%         1
 Static Discharge         Conj/Air       0%         3-3/arc   100%        2
 Frozen Ramparts          Ice            0%         1d1       100%        3
 Gell's Gravitas          Tloc           0%         N/A       100%        3
 Lesser Beckoning         Tloc           0%         N/A       100%        3
 Ozocubu's Armour         Ice            0%         N/A       100%        3
 Teleport Other           Tloc           0%         N/A       100%        3
 Hailstorm                Conj/Ice       0%         3d3       100%        4
 Passage of Golubria      Tloc           0%         N/A       100%        4
 Summon Ice Beast         Ice/Summ       0%         N/A       100%        4
 Lightning Bolt           Conj/Air       0%         1d11      100%        5
 Metabolic Englaciation   Hex/Ice        0%         N/A       100%        5
 Silence                  Hex/Air        0%         N/A       100%        5
 Summon Mana Viper        Hex/Summ       0%         N/A       100%        5
 Monstrous Menagerie      Summ           0%         N/A       100%        7
 Lehudib's Crystal Spear  Conj/Erth      0%         10d2      100%        8
 Maxwell's Capacitive Co  Air            0%         ∞         100%        8
 Simulacrum               Ice/Necr       Unusable   N/A       N/A         6

Dungeon Overview and Level Annotations

Branches:
Dungeon (13/15)            Temple (1/1) D:4            Lair (0/5) D:9
    Orc (0/2) D:11
 Vaults: D:13-14

Altars:
Ashenzari
Cheibriados
Dithmenos
Elyvilon
Fedhas
Gozag
Hepliaklqana
Kikubaaqudgha
Makhleb
Nemelex Xobeh
Okawaru
Qazlal
Ru
Sif Muna
Trog
Uskayaw
Vehumet
Wu Jian
Xom
Yredelemnul
Zin
The Shining One

Shops:
D:6 (   D:9 ?[

Annotations:
D:5 exclusion: oklob plant


Innate Abilities, Weirdness & Mutations

You are immune to sickness and miasma.
Your stone body is resilient. (AC +8)
You are immune to poison.
You resist negative energy. (rN+)
You are resistant to electric shocks. (rElec)
You are resistant to unholy torment.
You are immune to petrification.
You have large cloven feet.
Your flesh is cold resistant. (rC+)
You are occasionally teleported next to monsters.
You occasionally lose the ability to read scrolls when taking damage.


Message History

You are too injured to fight recklessly!
You are too injured to fight recklessly!
You are too injured to fight recklessly!
You are too injured to fight recklessly!
You are too injured to fight recklessly!
Reach: J) +5 glaive (venom)
Press: ? - help, Dir - move target, f - skeletal warrior
Aim: a skeletal warrior, wielding a +0 trident (about 35% to evade your +5 glaive of venom)
You reach to attack!
You hit the skeletal warrior.
The skeletal warrior is lightly damaged.
The skeletal warrior hits you from afar with a +0 trident.
* * * LOW HITPOINT WARNING * * *
Reach: J) +5 glaive (venom)
Press: ? - help, Dir - move target, p - skeletal warrior You can't see that place. [the floor.]
Okay, then.
You slice the two-headed ogre!!
The two-headed ogre is heavily wounded.
The skeletal warrior hits you but does no damage.
The two-headed ogre hits you but does no damage. x2
You slash the two-headed ogre!
The two-headed ogre is heavily wounded.
The skeletal warrior hits you from afar with a +0 trident.
* * * LOW HITPOINT WARNING * * *
The two-headed ogre hits you with a +0 giant club.
* * * LOW HITPOINT WARNING * * *
The two-headed ogre closely misses you.
The skeletal warrior hits you but does no damage.
You barely miss the two-headed ogre.
The two-headed ogre is heavily wounded.
The skeletal warrior barely misses you.
The two-headed ogre hits you but does no damage. x2
The skeletal warrior hits you but does no damage.
You hit the two-headed ogre.
The two-headed ogre is poisoned.
The two-headed ogre is severely wounded.
The skeletal warrior hits you from afar with a +0 trident!
You feel threatened and lose the ability to read scrolls!
You die...
Your body crumbles into a pile of gold.

#...... #.°....
..○z... ...R... ####
.......#### ###..#
.....☼....# #.z..#
......°...# #z##.#
#°..## #@##.# .
##°☼..##zO.##.# ...
#......zR####.#..#
..###zz##...°.......#
.......z.......#######
...[#...###.##..#
......... ..#
..#..###### #....


You could see 4 skeletal warriors, a two-headed ogre (very poisoned) and an
efreet.

Vanquished Creatures
  Kirke (D:12)
  A boulder beetle (D:9)
  A two-headed ogre (D:11)
  A centaur warrior (D:9)
  4 death yaks
  Amaemon (D:8)
  Pikel (D:5)
  5 ugly things
  A manticore (D:11)
  2 gargoyles
  An orange demon (D:8)
  Psyche (D:8)
  2 kobold demonologists (D:12)
  A tengu conjurer (D:13)
  2 trolls (D:11)
  The ghost of GorkyZ the Trooper, an amateur DsFi (D:5)
  3 meliai (D:11)
  A hornet (D:10)
  A slime creature (D:9)
  2 shadows
  21 yaks
  A wraith (D:12)
  2 hogs (D:12)
  2 wyverns (D:8)
  A steam dragon (D:7)
  Menkaure (D:7)
  An acid dragon (D:10)
  3 water moccasins
  3 ice beasts (D:6)
  A black bear (D:8)
  6 orc warriors
  2 ogres
  The ghost of aitbits the Trooper, an amateur DsAK of Lugonu (D:3)
  3 centaurs
  A phantom (D:7)
  3 kobold brigands
  A bullfrog (D:7)
  4 scorpions
  5 necrophages
  2 gnoll sergeants
  14 wights
  A water moccasin zombie (D:4)
  3 killer bees (D:11)
  3 howler monkeys
  2 gnoll boudas
  A hound (D:7)
  A human zombie (D:4)
  4 orc priests
  4 jellies
  An iguana (D:7)
  10 orc wizards
  A hound zombie (D:4)
  3 mummies (D:4)
  Robin (D:4)
  32 gnolls
  7 adders
  A white imp (D:6)
  An adder zombie (D:4)
  2 worms
  4 dart slugs
  37 orcs
  9 endoplasms
  5 hobgoblins
  20 kobolds
  5 quokkas
  5 ball pythons
  5 bats
  3 frilled lizards
  13 goblins
  10 rats
305 creatures vanquished.

Vanquished Creatures (collateral kills)
  A tengu warrior (D:9)
  A hornet (D:9)
  A centaur (D:9)
3 creatures vanquished.

Vanquished Creatures (others)
  8 plants
  3 withered plants (D:3)
11 creatures vanquished.

Grand Total: 319 creatures vanquished

Notes
Turn   | Place    | Note
-------+----------+-------------------------------------------
     0 | D:1      | GorkyZ the Gargoyle Fighter began the quest for the Orb.
     0 | D:1      | Reached XP level 1. HP: 14/14 MP: 1/1
   315 | D:1      | Reached XP level 2. HP: 19/19 MP: 2/2
  1125 | D:2      | Reached XP level 3. HP: 23/23 MP: 3/3
  1365 | D:2      | Reached skill level 1 in Throwing
  1444 | D:2      | Reached XP level 4. HP: 9/29 MP: 4/4
  1457 | D:2      | HP: 1/29 [adder (3)]
  1845 | D:2      | Reached XP level 5. HP: 28/33 MP: 5/5
  2441 | D:3      | Noticed a centaur
  2451 | D:3      | Killed a centaur
  2812 | D:3      | Found a faded altar of an unknown god.
  2883 | D:3      | Noticed aitbits's ghost (amateur DsAK)
  2906 | D:3      | Found a transporter.
  2912 | D:3      | Reached XP level 6. HP: 38/38 MP: 6/6
  2916 | D:3      | Reached skill level 1 in Polearms
  3008 | D:3      | Found a transporter.
  3482 | D:4      | Found a staircase to the Ecumenical Temple.
  3484 | D:4      | Noticed Robin
  3498 | D:4      | Killed Robin
  3763 | Temple   | Entered the Ecumenical Temple
  3833 | D:4      | Found a glowing golden altar of the Shining One.
  3845 | D:4      | Found an opulent altar of Gozag.
  3848 | D:4      | Became a worshipper of Gozag Ym Sagoz the Greedy
  3851 | D:4      | Found a bloodstained altar of Trog.
  4281 | D:4      | Reached XP level 7. HP: 44/44 MP: 7/7
  4620 | D:4      | Reached skill level 5 in Fighting
  4620 | D:4      | Reached skill level 5 in Armour
  4623 | D:4      | Found a basalt altar of Yredelemnul.
  4652 | D:4      | Reached skill level 5 in Shields
  4987 | D:4      | You fall into a shaft and drop 1 floor!
  4987 | D:5      | Entered Level 5 of the Dungeon
  5279 | D:4      | Gained mutation: You have a somewhat thin skeletal
                  | structure. (Dex +2, Stealth+) [potion of mutation]
  5279 | D:4      | Gained mutation: You occasionally lose the ability to drink
                  | potions when taking damage. [potion of mutation]
  5280 | D:4      | Lost mutation: You have a somewhat thin skeletal structure.
                  | (Dex +2, Stealth+) [potion of mutation]
  5280 | D:4      | Lost mutation: You occasionally lose the ability to drink
                  | potions when taking damage. [potion of mutation]
  5280 | D:4      | Gained mutation: You occasionally lose the ability to read
                  | scrolls when taking damage. [potion of mutation]
  5280 | D:4      | Gained mutation: You are occasionally teleported next to
                  | monsters. [potion of mutation]
  5280 | D:4      | Gained mutation: Your flesh is cold resistant. (rC+)
                  | [potion of mutation]
  5280 | D:4      | Gained mutation: You have large cloven feet. [potion of
                  | mutation]
  5333 | D:3      | Reached XP level 8. HP: 37/49 MP: 8/8
  5348 | D:3      | Paralysed by a gnoll for 4 turns
  5357 | D:3      | Killed aitbits's ghost
  5720 | D:5      | Found a runed translucent door.
  6140 | D:5      | Reached skill level 1 in Evocations
  6180 | D:5      | Found a snail-covered altar of Cheibriados.
  6390 | D:5      | Found a blossoming altar of Fedhas.
  6390 | D:5      | Noticed Pikel
  6403 | D:5      | Killed Pikel
  6404 | D:5      | Reached skill level 5 in Polearms
  6404 | D:5      | Reached XP level 9. HP: 37/55 MP: 5/9
  6517 | D:5      | Noticed an oklob plant
  7189 | D:5      | Found a runed translucent door.
  7190 | D:5      | Noticed GorkyZ's ghost (amateur DsFi)
  7568 | D:5      | Killed GorkyZ's ghost
  7720 | D:6      | Found a white marble altar of Elyvilon.
  7746 | D:6      | Found Ajeciot's Antique Weapon Shoppe.
  8139 | D:6      | Found a faded altar of an unknown god.
  8140 | D:6      | Found a faded altar of an unknown god.
  8142 | D:6      | Found a hazy altar of Hepliaklqana.
  8156 | D:6      | Found a sacrificial altar of Ru.
  8201 | D:6      | Found a shimmering altar of Xom.
  9181 | D:7      | Noticed Menkaure
  9199 | D:7      | Killed Menkaure
  9204 | D:7      | Reached XP level 10. HP: 33/61 MP: 6/10
  9409 | D:7      | Reached skill level 5 in Evocations
  9516 | D:7      | Reached skill level 5 in Throwing
 10245 | D:8      | Noticed Psyche
 10249 | D:8      | Killed Psyche
 10899 | D:8      | Noticed Amaemon
 10899 | D:8      | Noticed an orange demon
 10921 | D:8      | Killed Amaemon
 10922 | D:8      | Reached skill level 1 in Dodging
 10926 | D:8      | Killed an orange demon
 11498 | D:8      | Reached XP level 11. HP: 25/68 MP: 5/11
 11842 | D:9      | Found a staircase to the Lair.
 11845 | D:9      | Noticed a death yak
 11846 | D:9      | Noticed a death yak
 11846 | D:9      | Noticed a death yak
 11879 | D:8      | Killed a death yak
 11972 | D:9      | Noticed a death yak
 11983 | D:8      | Killed a death yak
 11988 | D:8      | HP: 3/68 [death yak (13)]
 12338 | D:8      | Killed a death yak
 12498 | D:9      | Killed a death yak
 12516 | D:9      | Noticed a centaur warrior
 12516 | D:9      | Noticed a tengu warrior
 12516 | D:9      | Noticed a boulder beetle
 12531 | D:9      | Killed a boulder beetle
 12534 | D:9      | Killed a tengu warrior
 12551 | D:9      | Killed a centaur warrior
 13187 | D:9      | Bought a scroll of identify for 20 gold pieces
 13187 | D:9      | Bought a scroll of enchant weapon for 75 gold pieces
 13187 | D:9      | Bought a scroll of teleportation for 30 gold pieces
 13187 | D:9      | Bought a scroll of identify for 20 gold pieces
 13194 | D:10     | Entered Level 10 of the Dungeon
 13690 | D:10     | Reached skill level 1 in Axes
 13857 | D:11     | Reached XP level 12. HP: 71/75 MP: 10/12
 14229 | D:11     | Found a white marble altar of Elyvilon.
 14400 | D:11     | Found a staircase to the Orcish Mines.
 14457 | D:11     | Noticed a two-headed ogre
 14464 | D:11     | Killed a two-headed ogre
 15399 | D:12     | Noticed Kirke
 15460 | D:12     | Killed Kirke
 15845 | D:12     | HP: 1/76 [red ugly thing (18)]
 15940 | D:13     | Noticed a two-headed ogre
 15948 | D:13     | HP: 2/76 [tengu conjurer (4)]
 15963 | D:13     | Mangled by a skeletal warrior

Illustrated notes

Levels and vault maps discovered:
D:1:      amcnicky_arrival_gap_in_the_tavern_cellar, layout_loops_ring
D:2:      minmay_chambers_of_ones, layout_loops_corners, st_stairs_8,
          chequers_decorated_corner, solitary_fountain
D:3:      layout_loops_ring, ebering_ecumenical_altar_petrified,
          gammafunk_ghost_gnarly_gnolls
D:4:      layout_loops_ring, lemuel_mausoleum_altar_yredelemnul, minitemple,
          temple_fountains, kennysheep_generic_room_13, uniq_robin
D:5:      minmay_general_purpose_star, layout_basic, tgw_fedhas,
          mainiacjoe_overflow_paths, ebering_ghost_sewer_f, uniq_pikel
D:6:      layout_rooms, mainiacjoe_overflow_alcove_1,
          mainiacjoe_overflow_surrounded_room,
          nicolae_hepliaklqana_ecumenical_no_more, nicolae_ru_path_of_blood,
          serial_shops, nicolae_diamond_shop
D:7:      layout_basic, st_stairs_12, corexii_leaking_fountain,
          hangedman_decor_growths, minmay_liquid_box, uniq_menkaure
D:8:      layout_loops_corners, amcnicky_mini_pool_small, uniq_psyche,
          uniq_amaemon
D:9:      layout_rooms, dpeg_lair_monsters, minmay_radiant
D:10:     layout_cave_pools
D:11:     layout_cave_pods, orc_0_dummy, nicolae_elyvilon_peaceful_grove
D:12:     layout_roguey, uniq_kirke
D:13:     layout_rooms, lightli_vaults_fourway_checkpoint,
          nicolae_gozag_seed_capital
Temple:   nicolae_temple_x_marks_the_god

Skill      XL: |  1  2  3  4  5  6  7  8  9 10 11 12 |
---------------+-------------------------------------+-----
Throwing       | 1 2 3 4 5 6 7 |  7.1
Armour         | 4 5 6 7 8 9 |  9.4
Shields        | 4 5 6 7 8 9 |  9.2
Fighting       | 4 5 6 7 8 9 |  9.5
Polearms       | 2 3 5 6 7 8 9 |  9.8
Evocations     | 3 4 6 7 8 |  8.9
Dodging        | 1 3 4 |  4.2
Axes           | 1 3 |  3.0
Maces & Flails | |  2.8

Action                   |  1- 3 |  4- 6 |  7- 9 | 10-12 || total
-------------------------+-------+-------+-------+-------++-------
Melee: Flail             |   143 |   221 |   166 |       ||   530
       Spear             |       |       |   304 |   112 ||   416
       Halberd           |       |       |       |   216 ||   216
       Glaive            |       |       |       |   257 ||   257
       Unarmed           |       |       |       |    10 ||    10
Throw: Javelin           |       |       |     2 |       ||     2
       Dart              |       |       |    13 |       ||    13
Invok: Call Merchant     |       |       |       |     2 ||     2
  Use: Scroll            |       |     8 |     8 |    15 ||    31
       Potion            |       |     1 |     5 |     7 ||    13
 Stab: Distracted        |       |       |     3 |       ||     3
Armor: Scale mail        |     2 |       |       |       ||     2
       Plate armour      |   118 |   186 |   311 |   560 ||  1175
Dodge: Dodged            |    46 |    70 |   122 |   250 ||   488
Block: Buckler           |    28 |    64 |   109 |    13 ||   214
